 Dungeon Crawl Stone Soup version 0.26.1-10-gdfb7c7de75 (webtiles) character file.

Game seed: 5059760763834341977

91429 phalm the Fetichist (level 15, -1/78 HPs)
             Began as a Spriggan Artificer on Apr 3, 2021.
             Was an Initiate of Gozag.
             Slain by an Executioner (21 damage)
             ... summoned by a deep elf demonologist
             ... on level 1 of the Elven Halls on Apr 6, 2021.
             The game lasted 02:17:00 (36066 turns).

phalm the Fetichist (Spriggan Artificer)           Turns: 36066, Time: 02:17:00

Health: -1/78      AC:  6    Str: 15    XL:     15   Next: 55%
Magic:  27/27      EV: 34    Int: 15    God:    Gozag
Gold:   1926       SH: 15    Dex: 28    Spells: 12/26 levels left

rFire    + . .     SeeInvis +   a - +2 short sword (venom)
rCold    . . .     Faith    .   E - +1 buckler {rPois}
rNeg     . . .     Spirit   .   J - +1 robe of Jissiog {rPois Str+5 Dex+4}
rPois    +         Reflect  +   P - +0 hat {Int+3}
rElec    +         Harm     .   e - +2 cloak {rPois}
rCorr    .         Rampage  .   (gloves unavailable)
Will     ++...                  (boots unavailable)
Stlth    +++++++++.             W - amulet "Gifijunt" {Reflect rElec rPois Str+2 SH+5}
HPRegen  0.23/turn              x - ring of protection from fire
MPRegen  0.20/turn              h - ring of stealth

@: very quick
A: very small, unfitting armour, thin skeletal structure 1, see invisible, dopey
1, speed 3, high mp 1
a: Renounce Religion, Potion Petition, Call Merchant, Bribe Branch


You were on level 1 of the Elven Halls.
You worshipped Gozag.
Gozag was most pleased with you.
You visited 5 branches of the dungeon, and saw 24 of its levels.
You also visited: Bailey and Ice Cave.

You collected 9838 gold pieces.
You spent 5754 gold pieces at shops.
You paid 2158 gold pieces to Gozag.

Inventory:

Hand Weapons
 a - a +2 short sword of venom (weapon)
 b - the +8 fustibalus of Tulyguj {freeze, Int+6}
   (You found it on level 11 of the Dungeon)

   It causes projectiles fired from it to freeze those they strike, causing
   extra injury to most foes and up to half again as much damage against
   particularly susceptible opponents.
   They can also slow down cold-blooded creatures.
   It affects your intelligence (+6).
 m - the +9 staff of Olgreb {rPois∞}
   (You found it on level 5 of the Dungeon)

   It grants immunity to poison.
Missiles
 z - 17 sling bullets
 G - 19 curare-tipped darts
 T - 8 atropa-tipped darts (quivered)
Armour
 e - a +2 cloak of poison resistance (worn)
 E - a +1 buckler of poison resistance (worn)
 J - the +1 robe of Jissiog (worn) {rPois Str+5 Dex+4}
   (You bought it in a shop on level 2 of the Orcish Mines)

   It affects your strength (+5).
   It affects your dexterity (+4).
   It protects you from poison.
 P - a +0 hat of intelligence (worn)
Jewellery
 h - a ring of stealth (right hand)
 o - an uncursed ring of resist corrosion
 x - a ring of protection from fire (left hand)
 Q - an uncursed ring of protection from fire
 V - an uncursed ring of willpower
 W - the amulet "Gifijunt" (around neck) {Reflect rElec rPois Str+2 SH+5}
   (You found it on level 1 of the Lair of Beasts)

   [amulet of reflection]

   It shields you and reflects attacks.
   It affects your strength (+2).
   It insulates you from electricity.
   It protects you from poison.
   It affects your SH (+5).
 Z - an uncursed ring of protection from cold
Wands
 c - a wand of acid (18)
 d - a wand of enslavement (14)
 q - a wand of polymorph (8)
 B - a wand of digging (9)
 M - a wand of disintegration (6)
Scrolls
 i - 2 scrolls of enchant armour
 j - 5 scrolls of remove curse
 r - 2 scrolls of immolation
 t - 10 scrolls of teleportation
 u - a scroll of vulnerability
 C - 4 scrolls of fog
 F - 3 scrolls of torment
 H - 5 scrolls of fear
 I - a scroll of summoning {unknown}
 N - a scroll of magic mapping
 S - a scroll of blinking
Potions
 g - 3 potions of ambrosia {unknown}
 k - 3 potions of flight
 l - 3 potions of resistance
 n - 3 potions of heal wounds
 p - 5 potions of haste
 s - 7 potions of brilliance
 v - 3 potions of mutation
 w - a potion of invisibility {unknown}
 A - 9 potions of lignification
 D - 2 potions of might {unknown}
 K - 7 potions of curing
 L - a potion of magic {unknown}
 R - 2 potions of berserk rage {unknown}
 U - 3 potions of attraction {unknown}
 X - a potion of degeneration {unknown}
 Y - 4 potions of cancellation {unknown}
Miscellaneous
 f - a lightning rod (4/4)
 y - a tin of tremorstones (1/2)


   Skills:
 + Level 8.9 Fighting
 - Level 5.6 Short Blades
 + Level 6.8 Staves
 + Level 11.7 Slings
 + Level 14.4 Dodging
 + Level 15.4 Stealth
 + Level 4.2 Shields
 - Level 6.0 Spellcasting
 + Level 7.0 Hexes
 + Level 3.6 Translocations
 * Level 17.0 Evocations


You had 12 spell levels left.
You knew the following spells:

 Your Spells              Type           Power        Failure   Level
a - Corona                Hex            27%          1%          1
b - Confusing Touch       Hex            25%          3%          3
c - Tukima's Dance        Hex            25%          3%          3
d - Slow                  Hex            25%          1%          2
e - Blink                 Tloc           N/A          6%          2
f - Apportation           Tloc           30%          4%          1
g - Swiftness             Air            4%           26%         2

Your spell library contained the following spells:

 Spells                   Type           Power        Failure   Level
 Ensorcelled Hibernation  Hex/Ice        30%          6%          2
 Cause Fear               Hex            12%          10%         4
 Gell's Gravitas          Tloc           7%           12%         3
 Lesser Beckoning         Tloc           7%           12%         3
 Teleport Other           Tloc           15%          12%         3
 Dazzling Flash           Conj/Hex       30%          13%         3
 Inner Flame              Hex/Fire       15%          13%         3
 Foxfire                  Conj/Fire      16%          19%         1
 Magic Dart               Conj           16%          19%         1
 Call Imp                 Summ           4%           26%         2
 Passage of Golubria      Tloc           N/A          38%         4
 Conjure Flame            Conj/Fire      4%           47%         3
 Ignite Poison            Fire/Tmut/Pois 4%           47%         3
 Mephitic Cloud           Conj/Pois/Air  4%           47%         3
 Ozocubu's Armour         Ice            4%           47%         3
 Spider Form              Tmut/Pois      2%           47%         3
 Static Discharge         Conj/Air       4%           47%         3
 Metabolic Englaciation   Hex/Ice        7%           75%         5
 Silence                  Hex/Air        7%           75%         5
 Summon Mana Viper        Hex/Summ       15%          75%         5
 Yara's Violent Unravell  Hex/Tmut       7%           75%         5
 Invisibility             Hex            25%          83%         6
 Ice Form                 Ice/Tmut       4%           87%         4
 Petrify                  Tmut/Erth      4%           87%         4
 Summon Forest            Summ/Tloc      4%           94%         5
 Alistair's Intoxication  Tmut/Pois      2%           99%         5
 Summon Demon             Summ           2%           99%         5
 Eringya's Noxious Bog    Tmut/Pois      2%           100%        6
 Shadow Creatures         Summ           N/A          100%        6
 Simulacrum               Ice/Necr       2%           100%        6
 Summon Hydra             Summ           2%           100%        7
 Discord                  Hex            12%          100%        8


Dungeon Overview and Level Annotations

Branches:
Dungeon (14/15)            Temple (1/1) D:7            Lair (6/6) D:8
 Shoals (0/4) Lair:4        Snake (0/4) Lair:3        Slime (0/5) Lair:5
    Orc (2/2) D:11            Elf (1/3) Orc:2        Bailey (visited)
  IceCv (visited)
 Vaults: D:13-14

Altars:
Ashenzari
Cheibriados
Dithmenos
Elyvilon
Fedhas
Gozag
Hepliaklqana
Kikubaaqudgha
Makhleb
Nemelex Xobeh
Okawaru
Qazlal
Ru
Sif Muna
Trog
Uskayaw
Vehumet
Wu Jian
Xom
Yredelemnul
Zin
The Shining One
Jiyva

Shops:
D:5 ?   D:8 =*   D:11 [   Orc:1 (:*?   Orc:2 *(:[


Innate Abilities, Weirdness & Mutations

You are very small and have problems with some larger weapons.
You are too small for most types of armour.
You have supernaturally acute eyesight. (SInv)
You cover ground extremely quickly.
You have a somewhat thin skeletal structure. (Dex +2, Stealth)
You are dopey. (Int -2)
You have an increased reservoir of magic. (+10% MP)


Message History

The Executioner barely misses you.
The deep elf demonologist hits you with a +0 rapier of speed!
You hit the deep elf demonologist.
The deep elf demonologist looks as sick as possible!
The deep elf demonologist is severely wounded.
The Executioner misses you. You block the Executioner's attack.
The Executioner misses you. You block the Executioner's attack.
The Executioner hits you.
* * * LOW HITPOINT WARNING * * *
You block the Executioner's attack.
The deep elf demonologist casts a spell.
The Executioner gestures.
The Executioner seems to speed up.
The deep elf demonologist gestures wildly while chanting.
The deep elf demonologist gestures wildly while chanting.
You block the Executioner's attack. The Executioner completely misses you.
You block the Executioner's attack. The Executioner hits you!!
You die...
Your body crumbles into a pile of gold.

# #.# # ...$# ##.## # ....#######
##...### ##.... #.....# #......##
##+# .##..# ####..# #......##
##... ..#''######..#
##......####.... ......##.##..#
#........##.....
#.....##.##<.#####.1.e...........
...#..##.....$..@1.13........)...
......##.....######......##.)....
+#...##......# ##....####.....
##(.$.))##### #.#.## ##....
##.##.$# #.### ##4.. #.....###
...# ##4# #.##....# ..... #.#
#....##.# ....... #.# #.##.##.#
...... #4.


You could see a Hell Sentinel (summoned), a Tzitzimitl (summoned), an
Executioner (summoned, fast), a deep elf demonologist (extremely poisoned) and a
ynoxinul (summoned).

Vanquished Creatures
  Gastronok (Orc:1)
  An orc warlord (Orc:2)
  Azrael (D:12)
  The ghost of tardwrangler69 the Cleaver, a journeyman MiFi of Uskayaw (D:13)
  Snorg (D:12)
  Erolcha (D:12)
  A deep elf high priest (Elf:1)
  11 hydras
  Harold (D:7)
  3 boulder beetles
  2 catoblepae
  4 centaur warriors
  3 two-headed ogres
  12 death yaks
  5 orc high priests (Orc:2)
  A deep elf knight (Elf:1)
  Sonja (Orc:2)
  An orc knight (Orc:2)
  Pikel (D:4)
  8 deep elf magi
  5 oklob plants
  3 orc sorcerers
  A manticore (D:10)
  2 cyclopes
  4 ugly things
  A slime creature (D:9)
  5 elephants (Lair:6)
  A black mamba (Lair:6)
  Maurice (D:11)
  2 ice statues (IceCv)
  A merfolk siren (Lair:4)
  A centaur skeleton (D:10)
  A gargoyle (D:13)
  3 rime drakes
  15 cane toads
  2 ice devils (Lair:4)
  9 komodo dragons
  A kobold demonologist (D:10)
  A tengu conjurer (D:13)
  4 polar bears
  A merfolk (Lair:4)
  5 trolls
  5 hornets
  7 blink frogs
  5 dream sheep
  An air elemental (Elf:1)
  11 spriggans (Lair:6)
  2 wyverns
  A shadow (D:11)
  4 fire elementals (D:12)
  A wraith (D:13)
  2 basilisks
  Eustachio (D:3)
  43 yaks
  2 nagas (Lair:3)
  2 soldier ants (D:5)
  5 wargs (Orc:2)
  26 water moccasins
  2 hell hounds (D:12)
  5 sky beasts
  11 ice beasts
  10 black bears
  An eye of draining (D:8)
  A hornet zombie (D:10)
  A necrophage (D:8)
  10 ogres
  3 phantoms
  30 orc warriors
  28 wolves
  5 boggarts (Lair:6)
  13 centaurs
  2 big kobolds
  An earth elemental (Elf:1)
  21 bullfrogs
  A wyvern zombie (D:10)
  A scorpion (D:13)
  12 killer bees (D:5)
  2 troll zombies (D:11)
  2 electric eels
  5 wights (D:11)
  4 jellies
  A howler monkey (D:3)
  A quasit (D:8)
  9 orc priests
  Crazy Yiuf (D:4)
  A bullfrog skeleton (D:10)
  3 hounds
  3 iguanas
  14 orc wizards
  12 worker ants
  7 hell rats
  4 ogre zombies (D:11)
  2 hound zombies
  A hound skeleton (D:10)
  A worker ant zombie (D:9)
  A gnoll (D:1)
  17 adders
  A shadow imp (D:10)
  4 white imps
  2 ufetubi (D:9)
  2 oozes
  3 adder skeletons
  2 worms (D:2)
  A dart slug (D:2)
  11 leopard geckos
  37 orcs
  6 bats
  4 giant cockroaches
  14 goblins
  7 hobgoblins
  17 jackals
  17 kobolds
  3 quokkas
  A ball python (D:8)
  4 frilled lizards
  2 giant cockroach zombies (D:6)
  3 goblin zombies (D:11)
  A hobgoblin zombie (D:11)
  3 orc skeletons (D:11)
  12 orc zombies (D:11)
  A quokka skeleton (D:4)
  11 rats
  2 butterflies (Lair:4)
667 creatures vanquished.

Vanquished Creatures (collateral kills)
  The ghost of 0gre the Frost Mage, a novice GnIE of Gozag (D:9)
  A slime creature (D:9)
  3 blink frogs (Lair:5)
  A water moccasin (Lair:5)
  2 jellies (D:9)
  An ooze (D:1)
  A worm (D:3)
  An orc (D:3)
  A giant cockroach (D:3)
  A rat (D:1)
13 creatures vanquished.

Vanquished Creatures (others)
  A dancing weapon (Elf:1)
  A hornet (Lair:6)
  A leopard gecko (D:1)
  An orc (D:3)
  A hobgoblin (D:3)
  76 fungi
  61 plants
142 creatures vanquished.

Grand Total: 822 creatures vanquished

Notes
Turn   | Place    | Note
-------+----------+-------------------------------------------
     0 | D:1      | phalm the Spriggan Artificer began the quest for the Orb.
     0 | D:1      | Reached XP level 1. HP: 9/9 MP: 2/2
   113 | D:1      | Reached skill level 1 in Fighting
   413 | D:1      | Reached XP level 2. HP: 14/14 MP: 3/3
  1045 | D:1      | Reached XP level 3. HP: 16/18 MP: 4/4
  1050 | D:1      | Reached skill level 1 in Short Blades
  1696 | D:2      | Found an iron altar of Okawaru.
  1721 | D:2      | Reached XP level 4. HP: 10/22 MP: 5/5
  2556 | D:2      | Found a shimmering blue altar of Sif Muna.
  3244 | D:3      | Reached skill level 5 in Evocations
  3244 | D:3      | Reached XP level 5. HP: 25/26 MP: 6/6
  3652 | D:3      | Reached skill level 5 in Dodging
  4579 | D:4      | Noticed Eustachio
  4698 | D:3      | Killed Eustachio
  4699 | D:3      | Reached skill level 1 in Slings
  4699 | D:3      | Reached XP level 6. HP: 12/31 MP: 7/7
  5147 | D:4      | Reached skill level 5 in Stealth
  5628 | D:4      | Found a hide-covered altar of Uskayaw.
  5628 | D:4      | Noticed Pikel
  5662 | D:4      | Killed Pikel
  5663 | D:4      | Reached skill level 6 in Evocations
  5663 | D:4      | Reached XP level 7. HP: 33/36 MP: 8/8
  5689 | D:4      | Found a bloodstained altar of Trog.
  5697 | D:4      | Found an ornate altar of the Wu Jian Council.
  5708 | D:4      | Found a radiant altar of Vehumet.
  5714 | D:4      | Found a glowing silver altar of Zin.
  5725 | D:4      | Found a white marble altar of Elyvilon.
  5730 | D:4      | Found an ancient bone altar of Kikubaaqudgha.
  5820 | D:5      | Entered Level 5 of the Dungeon
  5885 | D:4      | Found a runed translucent door.
  5886 | D:4      | Noticed Crazy Yiuf
  6416 | D:5      | Got a twisted ring mail
  6939 | D:5      | Reached XP level 8. HP: 39/40 MP: 9/9
  7267 | D:5      | Found a runed translucent gate.
  7267 | D:5      | Found a runed translucent gate.
  7267 | D:5      | Found a runed translucent gate.
  7274 | D:5      | Found a runed translucent door.
  7274 | D:5      | Found a runed translucent door.
  8681 | D:4      | Killed Crazy Yiuf
  8785 | D:4      | Reached skill level 7 in Evocations
  9388 | D:4      | Reached skill level 5 in Short Blades
  9705 | D:5      | Reached XP level 9. HP: 33/45 MP: 10/10
 10075 | D:5      | Reached skill level 5 in Slings
 10293 | D:5      | Found the +9 staff of Olgreb {rPois∞}
 10496 | D:5      | Found Muonun's Magic Scroll Emporium.
 10523 | D:6      | Reached skill level 8 in Evocations
 10597 | D:6      | Found an opulent altar of Gozag.
 10806 | D:6      | Noticed a two-headed ogre
 10881 | D:6      | Killed a two-headed ogre
 10882 | D:6      | Reached skill level 1 in Staves
 11033 | D:6      | Reached skill level 9 in Evocations
 11495 | D:7      | Noticed Harold
 11513 | D:7      | Found a flagged portal.
 11527 | Bailey   | Entered a bailey
 11571 | Bailey   | Reached XP level 10. HP: 14/51 MP: 3/11
 11968 | Bailey   | Reached skill level 5 in Fighting
 12390 | D:7      | Killed Harold
 12391 | D:7      | Reached skill level 10 in Evocations
 12801 | D:7      | Found a staircase to the Ecumenical Temple.
 12905 | Temple   | Entered the Ecumenical Temple
 13026 | D:6      | Became a worshipper of Gozag Ym Sagoz the Greedy
 13061 | D:7      | Found a shadowy altar of Dithmenos.
 13062 | D:7      | Found a hazy altar of Hepliaklqana.
 13362 | D:7      | Reached skill level 10 in Stealth
 13956 | D:8      | Found a staircase to the Lair.
 13983 | D:8      | Reached skill level 10 in Dodging
 14456 | D:8      | Found a broken altar of Ashenzari.
 14487 | D:8      | You fall into a shaft and drop 1 floor!
 14734 | D:9      | Reached skill level 11 in Evocations
 14739 | D:9      | Reached XP level 11. HP: 56/56 MP: 0/12
 14759 | D:9      | Noticed a boulder beetle
 14777 | D:9      | Killed a boulder beetle
 15205 | D:9      | Found a shimmering altar of Xom.
 15382 | D:9      | Found a runed translucent gate.
 15382 | D:9      | Found a runed translucent gate.
 15384 | D:9      | Found a runed translucent gate.
 15384 | D:9      | Noticed 0gre's ghost (novice GnIE)
 15388 | D:9      | Found a viscous altar of Jiyva.
 15593 | D:8      | You fall into a shaft and drop 2 floors!
 15593 | D:10     | Entered Level 10 of the Dungeon
 16024 | D:8      | Found a shimmering altar of Xom.
 16026 | D:8      | Found a sacrificial altar of Ru.
 16026 | D:8      | Found a white marble altar of Elyvilon.
 16028 | D:8      | Found a bloodstained altar of Trog.
 16028 | D:8      | Found a blossoming altar of Fedhas.
 16028 | D:8      | Found a white marble altar of Elyvilon.
 16359 | D:10     | Noticed a centaur warrior
 16368 | D:10     | Killed a centaur warrior
 16434 | D:10     | Reached skill level 12 in Evocations
 16623 | D:10     | Got a polished war axe
 16624 | D:10     | Identified the cursed +0 war axe of Koanidaa {drain,
                  | Fragile +Blink rF++ Str+3} (You found it on level 10 of the
                  | Dungeon)
 16715 | D:10     | Noticed a deep elf mage
 17421 | D:10     | Killed a deep elf mage
 17985 | D:9      | Killed 0gre's ghost
 18505 | D:11     | Found Bunepnem's Antique Armour Boutique.
 18710 | D:11     | Found a staircase to the Orcish Mines.
 18830 | D:11     | Reached XP level 12. HP: 37/62 MP: 8/13
 19194 | D:11     | Got a twisted fustibalus
 19196 | D:11     | Identified the +8 fustibalus of Tulyguj {freeze, Int+6}
                  | (You found it on level 11 of the Dungeon)
 19216 | D:11     | Noticed Maurice
 19226 | D:11     | Killed Maurice
 19350 | D:11     | Reached skill level 13 in Evocations
 19687 | D:12     | Noticed Erolcha
 19691 | D:12     | Killed Erolcha
 19760 | D:12     | Noticed Snorg
 19772 | D:12     | Killed Snorg
 20029 | D:12     | Noticed Azrael
 20090 | D:12     | Killed Azrael
 20505 | D:12     | Reached skill level 14 in Evocations
 20852 | Lair:1   | Entered Level 1 of the Lair of Beasts
 20881 | Lair:1   | Reached skill level 5 in Staves
 20919 | Lair:1   | Noticed a five-headed hydra
 20940 | Lair:1   | Killed a five-headed hydra
 21077 | D:8      | Bought a yellowed book for 405 gold pieces
 21084 | D:8      | Bought an uncursed amulet of reflection for 360 gold pieces
 21086 | D:8      | Bought a shiny buckler for 202 gold pieces
 21356 | Lair:1   | Learned a level 1 spell: Corona
 21409 | Lair:1   | Reached XP level 13. HP: 39/67 MP: 14/14
 21598 | Lair:1   | Reached skill level 1 in Hexes
 21653 | Lair:1   | Got a scintillating steel amulet
 21689 | Lair:1   | Identified the amulet "Gifijunt" {Reflect rElec rPois Str+2
                  | SH+5} (You found it on level 1 of the Lair of Beasts)
 21734 | Lair:1   | Reached skill level 1 in Spellcasting
 22697 | Lair:2   | Reached skill level 1 in Shields
 22778 | Lair:2   | Reached skill level 10 in Slings
 23229 | Lair:2   | Found a hide-covered altar of Uskayaw.
 23580 | Lair:2   | Found an ornate altar of the Wu Jian Council.
 24284 | Lair:3   | Found a staircase to the Snake Pit.
 25359 | Lair:4   | Found a frozen archway.
 25373 | Lair:4   | Reached skill level 15 in Evocations
 25483 | IceCv    | Entered an ice cave
 25586 | IceCv    | Found a transporter.
 25611 | IceCv    | Found a transporter.
 26734 | Lair:4   | Found a staircase to the Shoals.
 27193 | Lair:4   | Reached XP level 14. HP: 73/73 MP: 21/21
 28122 | Lair:5   | You fall into a shaft and drop 1 floor!
 28122 | Lair:6   | Entered Level 6 of the Lair of Beasts
 28338 | Lair:6   | Reached skill level 5 in Hexes
 28527 | Lair:5   | Found a viscous altar of Jiyva.
 28527 | Lair:5   | Found a staircase to the Slime Pits.
 28542 | Lair:5   | You fall into a shaft and drop 1 floor!
 28747 | Lair:6   | Reached skill level 5 in Spellcasting
 28854 | Lair:6   | Reached skill level 16 in Evocations
 29420 | Lair:6   | Learned a level 3 spell: Confusing Touch
 29424 | Lair:6   | Learned a level 3 spell: Tukima's Dance
 30118 | Orc:1    | Entered Level 1 of the Orcish Mines
 30118 | Orc:1    | Found Jyewar's Antique Weapon Boutique.
 30245 | Orc:1    | Found Bomaavik's Magic Scroll Boutique.
 30253 | Orc:1    | Bought a scroll of identify for 20 gold pieces
 30253 | Orc:1    | Bought a scroll of identify for 20 gold pieces
 30519 | Orc:2    | Entered Level 2 of the Orcish Mines
 30519 | Orc:2    | Found a staircase to the Elven Halls.
 30580 | Orc:2    | Noticed Sonja
 30605 | Orc:2    | Found Baecheh's General Store.
 30967 | Orc:1    | Found Simoesuo's Assorted Antiques.
 30967 | Orc:1    | Found Obaboo Odac's Book Emporium.
 30967 | Orc:1    | Noticed Gastronok
 30975 | Orc:1    | Killed Gastronok
 30976 | Orc:1    | Reached XP level 15. HP: 76/78 MP: 12/24
 31064 | Orc:1    | Bought a book of Misfortune for 320 gold pieces
 31064 | Orc:1    | Bought the Guide on Poison for 1054 gold pieces
 31064 | Orc:1    | Bought a book of Minor Magic for 320 gold pieces
 31064 | Orc:1    | Bought a book of Party Tricks for 800 gold pieces
 31067 | Orc:1    | Learned a level 2 spell: Slow
 31070 | Orc:1    | Learned a level 2 spell: Blink
 31090 | Orc:1    | Bought a crude brass amulet for 110 gold pieces
 31110 | Orc:1    | Identified the amulet "Ohoj" {Inacc +Inv rElec Will- Int+4}
                  | (You bought it in a shop on level 1 of the Orcish Mines)
 31212 | Orc:2    | Noticed an orc warlord
 31249 | Orc:2    | Killed Sonja
 31251 | Orc:2    | Killed an orc warlord
 31382 | Orc:2    | Reached skill level 1 in Translocations
 31418 | Orc:2    | Reached skill level 15 in Stealth
 31781 | Orc:2    | Learned a level 1 spell: Apportation
 32433 | Orc:2    | Found Alyafoge's Antique Weapon Boutique.
 32477 | Orc:2    | Found Yjaovurph's Antique Armour Boutique.
 32485 | Orc:2    | Bought an opalescent robe for 114 gold pieces
 32495 | Orc:2    | Identified the +1 robe of Jissiog {rPois Str+5 Dex+4} (You
                  | bought it in a shop on level 2 of the Orcish Mines)
 32690 | Orc:2    | Found Rexzykla's Book Shop.
 32698 | Orc:2    | Bought a book of Hexes for 850 gold pieces
 32698 | Orc:2    | Bought the Reference Book on Feathers and the Compass for
                  | 1082 gold pieces
 32701 | Orc:2    | Learned a level 2 spell: Swiftness
 32813 | Elf:1    | Entered Level 1 of the Elven Halls
 34203 | D:13     | Gained mutation: Your body sometimes deteriorates upon
                  | taking damage. [potion of mutation]
 34203 | D:13     | Gained mutation: You have a pair of small horns on your
                  | head. [potion of mutation]
 34204 | D:13     | Lost mutation: Your body sometimes deteriorates upon taking
                  | damage. [potion of mutation]
 34204 | D:13     | Lost mutation: You have a pair of small horns on your head.
                  | [potion of mutation]
 34204 | D:13     | Gained mutation: You have a somewhat thin skeletal
                  | structure. (Dex +2, Stealth) [potion of mutation]
 34204 | D:13     | Gained mutation: You are dopey. (Int -2) [potion of
                  | mutation]
 34204 | D:13     | Gained mutation: You have an increased reservoir of magic.
                  | (+10% MP) [potion of mutation]
 34305 | D:13     | Found a runed translucent door.
 34310 | D:13     | Noticed tardwrangler69's ghost (journeyman MiFi)
 34416 | D:13     | Killed tardwrangler69's ghost
 34874 | D:13     | Reached skill level 17 in Evocations
 35773 | Orc:2    | Bought 13 sling bullets for 97 gold pieces
 36060 | Elf:1    | Noticed an Executioner
 36062 | Elf:1    | Noticed a Tzitzimitl
 36064 | Elf:1    | Noticed a Hell Sentinel
 36066 | Elf:1    | Slain by an Executioner

Illustrated notes

Levels and vault maps discovered:
D:1:      dpeg_arrival_radiant, layout_basic
D:2:      layout_basic, nicolae_overflow_crystal_walls, marbit_many_paths
D:3:      layout_rooms
D:4:      layout_rooms, grunt_temple_overflow_octagram,
          kennysheep_generic_room_8, uniq_pikel, uniq_eustachio,
          uniq_crazy_yiuf_cottage
D:5:      layout_cave_pools, serial_shops, kennysheep_little_box,
          serial_park_tiny_pond, minmay_guarded_unrand_staff_of_olgreb
D:6:      wad_guarded_room, layout_rooms, lemuel_doored_altar
D:7:      layout_gridville, riverfiend_overflow_shadow_ancestor,
          minmay_temple_entry_statues_pillars, enter_bailey_5, uniq_harold
D:8:      layout_loops_ring, cheibrodos_ashenzari_chains,
          due_lair_maze_entry_diamond, nicolae_two_hexagons, doesnt_xom_only_xom
D:9:      layout_loops_ring, basic_altar, gammafunk_ghost_ooze, minmay_bent
D:10:     hangedman_cross_stitches, layout_basic, serial_curves, eino_curves_03,
          eino_curves_02, fountainhead, minmay_misc_feat_cross,
          mrwooster_statue_mirror
D:11:     layout_basic, zombieorc1_lemuel, serial_shops, shop, uniq_maurice
D:12:     layout_loops_ring, nicolae_straight_to_the_point, uniq_snorg,
          uniq_azrael, uniq_erolcha
D:13:     layout_basic, ebering_ghost_reflecting_pool
D:14:     kennysheep_ambush_hall, layout_basic, david_vaults_1, minivault_11,
          chequers_serial_rivers_room_b, hangedman_pestilent_swarm,
          lemuel_altar_in_water
Temple:   jpeg_temple_island
Lair:1:   layout_regular_city, serial_bayou_pond_c, minmay_lair_oklob_chamber,
          grunt_megastairs_1, serial_bayou_shore_a, infiniplex_staircase_pool
Lair:2:   layout_roguey, nzn_masters_of_martial_movement, grunt_megastairs_4
Lair:3:   layout_loops_ring, guppyfry_snake_entry_island
Lair:4:   layout_cave_shapes, elwin_shoals_entry_rooms,
          portal_ice_cave_demonic_guard, lemuel_fruit_fields
Lair:5:   layout_cave_shapes, slime_altar_1, grunt_megastairs_2,
          serial_bayou_shore_b
Lair:6:   minmay_lair_end_enchanted_forest, layout_concentric_octagons,
          lemuel_fruit_tree
Orc:1:    layout_caves, serial_shops, shop, shop, shop,
          nicolae_shop_competitors_out_of_business, uniq_gastronok
Orc:2:    grunt_orc_gardens, layout_caves, grunt_orc_garden, grunt_orc_garden,
          grunt_orc_garden, grunt_orc_garden, uniq_sonja
Elf:1:    layout_loops_corners, hangedman_elf_represent, item_on_display_a

Skill      XL: |  1  2  3  4  5  6  7  8  9 10 11 12 13 14 15 |
---------------+----------------------------------------------+-----
Fighting       | 1 2 3 4 5 6 7 8 |  8.9
Stealth        | 2 3 4 6 7 9 10 12 13 14 15 | 15.4
Dodging        | 4 5 6 7 9 10 11 12 13 14 | 14.4
Short Blades   | 1 2 3 4 5 |  5.6
Evocations     | 5 6 7 9 11 12 14 15 16 17 | 17.0
Slings         | 1 2 3 4 6 7 8 9 10 11 | 11.7
Staves         | 1 3 4 5 6 |  6.8
Hexes          | 4 6 7 |  7.0
Spellcasting   | 4 5 6 |  6.0
Shields        | 2 3 4 |  4.2
Translocations | 3 |  3.6

Action                   |  1- 3 |  4- 6 |  7- 9 | 10-12 | 13-15 || total
-------------------------+-------+-------+-------+-------+-------++-------
Melee: Dagger            |    50 |    19 |   268 |   123 |   102 ||   562
       Club              |     5 |       |       |       |       ||     5
       Short sword       |    64 |   239 |       |       |   156 ||   459
       Staff             |       |       |    60 |   442 |   315 ||   817
 Fire: Hunting sling     |       |    74 |   132 |    54 |       ||   260
       Fustibalus        |       |       |       |    74 |   334 ||   408
Throw: Dart              |       |       |       |       |     8 ||     8
 Cast: Blink             |       |       |       |       |     2 ||     2
Invok: Call Merchant     |       |       |       |     2 |       ||     2
       Potion Petition   |       |       |       |     1 |       ||     1
 Abil: Evoke Blink       |       |       |       |     1 |       ||     1
Evoke: Wand              |    13 |    26 |    36 |     9 |    75 ||   159
       Staff of Olgreb   |       |       |     7 |    61 |    92 ||   160
       Lightning rod     |       |       |       |     9 |     5 ||    14
       Tin of tremorston |       |       |       |       |     4 ||     4
  Use: Potion            |     1 |       |     6 |       |     3 ||    10
       Scroll            |       |       |     8 |     5 |     9 ||    22
 Stab: Sleeping          |     5 |     8 |     6 |    29 |    24 ||    72
       Distracted        |       |       |       |     6 |    12 ||    18
       Paralysed         |       |       |       |     1 |     1 ||     2
       Invisible         |       |       |       |       |     1 ||     1
Armor: Robe              |     4 |    24 |    19 |    37 |    25 ||   109
Dodge: Dodged            |    86 |   268 |   353 |   482 |   497 ||  1686
Block: Buckler           |       |       |       |     1 |   153 ||   154
       Reflection        |       |       |       |     1 |    31 ||    32
       Other             |       |       |       |       |    59 ||    59
